 Dungeon Crawl Stone Soup version 0.19-a0-1008-g4c63d25 (webtiles) character file.

104 Gagarin the Covered (level 4, 0/41 HPs)
             Began as a Hill Orc Fighter on July 22, 2016.
             Was an Elder of Uskayaw.
             Killed from afar by Pikel (4 damage)
             ... with a wand of lightning
             ... on level 4 of the Dungeon.
             The game lasted 00:04:31 (1750 turns).

Gagarin the Covered (Hill Orc Fighter)              Turns: 1750, Time: 00:04:33

Health: 0/41       AC:  7    Str: 23    XL:     4   Next: 80%
Magic:  2/4        EV: 11    Int:  9    God:    Uskayaw [****..]
Gold:   107        SH:  0    Dex: 10    Spells: 0 memorised, 3 levels left

rFire  . . .     SeeInvis .     a - +0 long sword
rCold  . . .     Gourm    .     n - +0 ring mail
rNeg   . . .     Faith    .     (no shield)
rPois  .         Spirit   .     (no helmet)
rElec  .         Dismiss  .     e - +0 cloak
rCorr  .         Reflect  .     (no gloves)
SustAt .         Harm     .     (no boots)
MR     .....                    (no amulet)
Stlth  +.........               (no ring)
                                (no ring)

@: mighty, not resistant to hostile enchantments, very unstealthy
A: no striking features
a: Stomp, Line Pass, Renounce Religion


You were on level 4 of the Dungeon.
You worshipped Uskayaw.
Uskayaw was noncommittal.
You were not hungry.

You visited 1 branch of the dungeon, and saw 4 of its levels.

You collected 107 gold pieces.

Inventory:

Hand Weapons
 a - a +0 long sword (weapon)
Missiles
 h - 24 bolts
 q - 43 arrows
Armour
 b - a +0 scale mail
 c - a +0 shield
 e - a +0 cloak (worn)
 n - a +0 ring mail (worn)
Scrolls
 g - a scroll of random uselessness {unknown}
 m - a scroll of fog {unknown}
 o - 2 scrolls of teleportation {unknown}
 p - 4 scrolls of identify {unknown}
 r - 3 scrolls of enchant armour {unknown}
Potions
 i - a potion of agility {unknown}
 j - 2 potions of curing {unknown}
 s - a potion of berserk rage {unknown}
 t - a potion of haste {unknown}
 w - a potion of degeneration {unknown}
Comestibles
 f - 2 bread rations
 k - a slice of pizza
 l - a beef jerky
 u - a royal jelly
 v - 2 chunks of flesh


   Skills:
 + Level 4.3 Fighting
 + Level 2.5 Long Blades
 + Level 4.3 Armour
 + Level 1.6 Dodging
 + Level 0.3 Stealth
 + Level 3.4 Shields


You had 3 spell levels left.
You didn't know any spells.

Dungeon Overview and Level Annotations

Branches:
Dungeon (4/15)
 Temple: D:4-7

Altars:
Kikubaaqudgha
Qazlal
Trog
Uskayaw

Annotations:
D:3 Sigmund
D:4 Pikel


Message History

You closely miss Pikel. Pikel barely misses you.
You riposte.
You slash Pikel!
Pikel is moderately wounded.
Uskayaw will force your foes to helplessly watch your dance.
Uskayaw prepares the audience for your solo!
The helpless Pikel fails to defend himself.
You slash Pikel!
Pikel is severely wounded.
Pikel is no longer paralysed.
The slave is no longer paralysed. x4
Pikel zaps a wand.
The bolt of lightning misses you. x2
It is a wand of lightning.
Uskayaw will force your foes to share their pain.
Uskayaw links your audience in an emotional bond!
You barely miss Pikel.
Pikel is severely wounded.
Pikel is no longer sharing his pain.
The slave is no longer sharing its pain. x3
Pikel zaps a wand.
The bolt of lightning hits you!
* * * LOW HITPOINT WARNING * * *
The bolt of lightning hits you!
You die...

#.# ######.......#
#.# #.. ....?.....
##.## #.# #........#
#...####[# #........#
#<#......###........#
#...#.......{p......#
#####.#######pp.....#
#.# #K####### #.# #@#
#.# #.# #.# #........
... ######.## #.. ##.


You could see Pikel and 3 slaves.

Vanquished Creatures
  An iguana (D:4)
  3 adders (D:2)
  3 dart slugs
  2 giant geckos (D:1)
  2 orcs (D:4)
  A giant cockroach (D:2)
  A goblin (D:1)
  9 hobgoblins
  A quokka (D:2)
  4 bats
  6 giant newts
  A jackal skeleton (D:4)
  4 kobolds
  7 rats
45 creatures vanquished.

Notes
Turn   | Place    | Note
-------+----------+-------------------------------------------
     0 | D:1      | Gagarin the Hill Orc Fighter began the quest for the Orb.
     0 | D:1      | Reached XP level 1. HP: 19/19 MP: 1/1
   223 | D:1      | Reached XP level 2. HP: 27/27 MP: 2/2
   577 | D:1      | Reached XP level 3. HP: 29/33 MP: 3/3
   743 | D:2      | Found a stormy altar of Qazlal.
   966 | D:2      | Reached skill level 1 in Dodging
  1145 | D:2      | Found an ancient bone altar of Kikubaaqudgha.
  1228 | D:2      | Found a hide-covered altar of Uskayaw.
  1239 | D:2      | Became a worshipper of Uskayaw the Reveler
  1309 | D:2      | Reached XP level 4. HP: 30/40 MP: 4/4
  1309 | D:2      | Reached * piety under Uskayaw
  1510 | D:2      | Found a bloodstained altar of Trog.
  1708 | D:3      | Noticed Sigmund
  1726 | D:4      | Noticed a slave
  1728 | D:4      | Noticed Pikel
  1736 | D:4      | Noticed a slave
  1737 | D:4      | Noticed a slave
  1739 | D:4      | Noticed a slave
  1744 | D:4      | Reached ** piety under Uskayaw
  1748 | D:4      | Reached *** piety under Uskayaw
  1749 | D:4      | Reached **** piety under Uskayaw
  1750 | D:4      | Killed from afar by Pikel

Vault maps used:
D:1:      lightli_arrival_boilingwater
D:2:      nicolae_overflow_hidden_temple, lemuel_coloured_pillars_altar,
          eat_drink_and_be_merry_uskayaw, grunt_qazlal_sundering
D:3:      lemuel_crystal_altar, minmay_bisected, uniq_sigmund, uniq_robin,
          uniq_natasha, uniq_jessica
D:4:      lemuel_crystal_altar, kennysheep_mini, nicolae_ossuary_entry_plus,
          first_bread, uniq_crazy_yiuf_cottage, uniq_pikel

Skill      XL: |  1  2  3 |
---------------+----------+-----
Fighting       | 4 |  4.3
Armour         | 4 |  4.3
Dodging        | 1 |  1.6
Long Blades    | |  2.5
Stealth        | |  0.3
Shields        | |  3.4

Action                   |  1- 3 |  4- 6 || total
-------------------------+-------+-------++-------
Melee: Long sword        |   140 |    33 ||   173
Invok: Stomp             |       |     1 ||     1
  Use: Potion            |       |     1 ||     1
 Stab: Paralysed         |       |     1 ||     1
  Eat: Chunk             |     1 |     2 ||     3
Armor: Scale mail        |    25 |       ||    25
       Ring mail         |    48 |     9 ||    57
Dodge: Dodged            |    66 |    14 ||    80
Block: Shield            |     5 |       ||     5
